 Dungeon Crawl Stone Soup version 0.26.0-10-g1f06aea511 (webtiles) character file.

Game seed: 14766972388881213870

114 Amaterasu the Insei (level 4, -4/28 HPs)
             Began as an Octopode Transmuter on Jan 26, 2021.
             Was an Initiate of Cheibriados.
             Slain by a gnoll
             ... wielding a +1 vorpal spear
              (6 damage)
             ... on level 4 of the Dungeon.
             The game lasted 00:04:40 (2809 turns).

Amaterasu the Insei (Octopode Transmuter)           Turns: 2809, Time: 00:04:41

Health: -4/28      AC:  1    Str: 10    XL:     4   Next: 97%
Magic:  3/7        EV: 13    Int: 17    God:    Cheibriados [......]
Gold:   96         SH:  5    Dex: 13    Spells: 1/7 levels left

rFire    . . .     SeeInvis .     - Unarmed
rCold    . . .     Faith    .   (no shield)
rNeg     . . .     Spirit   .   (helmet currently unavailable)
rPois    .         Reflect  +   d - amulet of reflection
rElec    .         Harm     .   (no ring)
rCorr    .         Rampage  .   (no ring)
Will     .....                  (no ring)
Stlth    ++........             (no ring)
HPRegen  0.09/turn              (no ring)
MPRegen  0.10/turn              (no ring)
                                (no ring)
                                (no ring)

@: mighty, appendages, invisible, very slow
A: almost no armour, stealthy swim, amphibious, 8 rings, constrict 8, tentacle
spike 3, camouflage 1, gelatinous body 1
a: End Transformation, Renounce Religion, Bend Time


You were on level 4 of the Dungeon.
You worshipped Cheibriados.
Cheibriados was noncommittal.
One of your tentacles had a temporary spike.
You visited 1 branch of the dungeon, and saw 4 of its levels.

You collected 96 gold pieces.

Inventory:

Armour
 b - a +0 tower shield
Jewellery
 d - an amulet of reflection (around mantle)
Scrolls
 a - a scroll of remove curse
Potions
 c - a potion of mutation {unknown}
 e - a potion of brilliance {unknown}
 h - a potion of heal wounds {unknown}


   Skills:
 - Level 1.0 Fighting
 - Level 2.0 Dodging
 * Level 4.7 Unarmed Combat
 * Level 2.2 Spellcasting
 * Level 2.7 Transmutations
 * Level 0.9 Poison Magic
 * Level 0.6 Invocations


You had one spell level left.
You knew the following spells:

 Your Spells              Type           Power        Failure   Level
a - Beastly Appendage     Tmut           22%          6%          1
b - Wereblood             Tmut           11%          10%         2
c - Spider Form           Tmut/Pois      4%           26%         3

Your spell library contained the following spells:

 Spells                   Type           Power        Failure   Level
 Ice Form                 Ice/Tmut       6%           71%         4
 Blade Hands              Tmut           5%           86%         5


Dungeon Overview and Level Annotations

Branches:
Dungeon (4/15)
 Temple: D:4-7

Altars:
Cheibriados
Elyvilon
Gozag


Innate Abilities, Weirdness & Mutations

You cannot wear most types of armour.
You are very stealthy in the water. (Stealth+)
You are amphibious.
You can wear up to eight rings at the same time.
You can use your tentacles to constrict eight enemies at once.
Your skin changes colour to match your surroundings (Stealth+).
Your rubbery body absorbs attacks. (AC +1, EV +1)
One of your tentacles bears a large vicious spike.


Message History

The gnoll hits you from afar with a +1 vorpal spear.
You block the gnoll's attack.
The gnoll hits you with a +1 vorpal spear!
* * * LOW HITPOINT WARNING * * *
x2 It was a potion of might.
You feel very mighty all of a sudden. The gnoll barely misses you.
The gnoll closely misses you.
Your magical contamination has completely faded away.
You barely miss the gnoll. Your grab misses the gnoll.
The gnoll hits you with a +1 vorpal spear.
* * * LOW HITPOINT WARNING * * *
x2 The gnoll closely misses you.
You tentacle-slap the gnoll. Your grab misses the gnoll.
The gnoll is moderately wounded.
You block the gnoll's attack.
It was a potion of invisibility.
You fade into invisibility!
The gnoll misses you.
The gnoll hits you with a +1 vorpal spear.
You die...

.......# ...... ........#
...... #..... .. #......
#..# ... ## ..... <..#
....##.##g.# ...##
#......(Z.# #...#
##..##.)#### ....#
.......g#..## # #...##
#......g@...## [#
.....................# .#
##....)###.........(.##..##
....#...##................#
....##..##.......#....##...
.##.##.........#.#..#..## .
#(.............###..#.....
.....#......#...#....#.###.
............##.......###


You could see 2 gnolls.

Vanquished Creatures
  A hound (D:4)
  2 adders
  A gnoll (D:4)
  An adder skeleton (D:4)
  2 dart slugs (D:1)
  2 orcs
  3 bats (D:1)
  A giant cockroach (D:3)
  6 goblins
  6 hobgoblins
  5 jackals
  3 frilled lizards
  10 kobolds
  5 rats
48 creatures vanquished.

Notes
Turn   | Place    | Note
-------+----------+-------------------------------------------
     0 | D:1      | Amaterasu the Octopode Transmuter began the quest for the
                  | Orb.
     0 | D:1      | Reached XP level 1. HP: 13/13 MP: 3/3
   101 | D:1      | Reached XP level 2. HP: 8/18 MP: 5/5
   104 | D:1      | Learned a level 2 spell: Wereblood
  1047 | D:2      | Reached XP level 3. HP: 23/23 MP: 6/6
  1053 | D:2      | Learned a level 3 spell: Spider Form
  1066 | D:2      | Reached skill level 4 in Unarmed Combat
  1474 | D:2      | Found a white marble altar of Elyvilon.
  1483 | D:2      | Found a snail-covered altar of Cheibriados.
  1487 | D:2      | Became a worshipper of Cheibriados the Contemplative
  2263 | D:3      | Reached XP level 4. HP: 28/28 MP: 4/7
  2485 | D:3      | Found an opulent altar of Gozag.
  2787 | D:4      | Reached * piety under Cheibriados
  2809 | D:4      | Slain by a gnoll

Illustrated notes

Levels and vault maps discovered:
D:1:      psy_arrival_terrarium, layout_basic, serial_rivers,
          chequers_serial_rivers_micro_b, chequers_serial_rivers_micro_d,
          chequers_serial_rivers_room_a, chequers_serial_rivers_small_3,
          amcnicky_mini_corridor_feature
D:2:      layout_basic, minitemple
D:3:      layout_basic, lemuel_round_altar
D:4:      layout_cave_pools, kennysheep_okawaru_gauntlet,
          ebering_ghost_disaster_area, grunt_ministairs_14, st_stairs_5,
          uniq_sigmund

Skill      XL: |  1  2  3 |
---------------+----------+-----
Unarmed Combat | 4 |  4.7
Fighting       | |  1.0
Dodging        | |  2.0
Spellcasting   | |  2.2
Transmutations | |  2.7
Poison Magic   | |  0.9
Invocations    | |  0.6

Action                   |  1- 3 |  4- 6 || total
-------------------------+-------+-------++-------
Melee: Unarmed           |    63 |    36 ||    99
       Constrict         |    21 |    10 ||    31
       Tentacles         |    12 |     6 ||    18
       Kick              |     6 |     7 ||    13
       Punch             |     2 |       ||     2
 Cast: Beastly Appendage |    10 |     3 ||    13
       Wereblood         |       |     1 ||     1
Invok: Bend Time         |       |     1 ||     1
  Use: Scroll            |     6 |     1 ||     7
       Potion            |       |     3 ||     3
 Stab: Sleeping          |     8 |     3 ||    11
Armor: Skin              |     8 |     1 ||     9
Dodge: Dodged            |    43 |    24 ||    67
Block: Other             |       |     6 ||     6
